 Dungeon Crawl Stone Soup version 0.18-a0-659-gb9673d2 (webtiles) character file.

31 4thArraOfDagon the Ruffian (level 3, 12/33 HPs)
             Began as a Ghoul Monk on Dec 5, 2015.
             Quit the game on level 4 of the Dungeon.
             The game lasted 00:02:05 (350 turns).

4thArraOfDagon the Ruffian (Ghoul Monk)              Turns: 350, Time: 00:02:05

Health: 12/33      AC: 11    Str: 18    XL:     3   Next: 22%
Magic:  2/2        EV: 11    Int: 10    God:
Gold:   5          SH:  0    Dex: 11    Spells: 0 memorised, 2 levels left

rFire  . . .     SeeInvis .       - Unarmed
rCold  + . .     Clarity  .     e - +6 ring mail of the Hall of Blades {Str+4 Int+4}
rNeg   + + +     SustAt   .     (no shield)
rPois  ∞         Gourm    .     (no helmet)
rElec  .         Spirit   .     (no cloak)
rCorr  .         Dismiss  .     (no gloves)
rMut   .         Stasis   .     (no boots)
MR     .....                    (no amulet)
Stlth  ..........               (no ring)
                                (no ring)

@: confused, very slightly contaminated, rotting, not resistant to hostile
enchantments, extremely unstealthy
A: rotting body, claws 1, carnivore 3, cold resistance 1, negative energy
resistance 3, slow regeneration 1, torment resistance, unbreathing
a: no special abilities


You were on level 4 of the Dungeon.
You were not hungry.

You visited 1 branch of the dungeon, and saw 5 of its levels.

You collected 5 gold pieces.

Inventory:

Armour
 e - the +6 ring mail of the Hall of Blades (worn) {Str+4 Int+4}
   (You found it on level 5 of the Dungeon)

   It affects your strength (+4).
   It affects your intelligence (+4).
Comestibles
 a - a slice of pizza
 b - a meat ration
 h - a royal jelly


   Skills:
 + Level 3.7 Fighting
 + Level 0.8 Armour
 - Level 2.6 Dodging
 - Level 2.1 Stealth
 * Level 5.0 Unarmed Combat


You had 2 spell levels left.
You didn't know any spells.

Dungeon Overview and Level Annotations

Branches:
Dungeon (5/15)
 Temple: D:4-7

Altars:

Annotations:
D:4 Pikel
D:5 Eustachio; bli's ghost, amateur MfWn


Innate Abilities, Weirdness & Mutations

Your body is rotting away.
You thrive on raw meat.
You are immune to poison.
You have sharp fingernails.
You are carnivorous and can eat meat at any time.
Your flesh is cold resistant.
You are immune to negative energy.
You regenerate slowly when monsters are visible.
You are immune to unholy pain and torment.
You can survive without breathing.


Message History

You claw the ball python!
You kill the ball python!
Unknown command.
Unknown command.
A slave comes into view.
Unknown command.
Unknown command.
Unknown command.
An orc priest comes into view. It is wielding a flail.
Unknown command.
Unknown command.
The orc wizard points at you and mumbles some strange words.
You are confused.
Unknown command.
Pikel barely misses you.
The orc wizard gestures wildly while chanting.
The orc wizard flickers and vanishes!
Deactivating autopickup; reactivate with Ctrl-A.
Unknown command.
Are you sure you want to abandon this character and quit the game? (Confirm with "yes".)

....... #......
#...... .......
#...##......
#...##...... ###### .
##...........##....#
..#.........o...@....#
.o.........{..Kp...##
#..................#
#....##########o...#
#...o##......##....#
#....'....c....c...#
##...##......##....#
##+###......##....#
......p....#.....#


You could see Pikel, a slave, a centaur, an orc priest and an orc.

Vanquished Creatures
  A hound (D:4)
  A bat (D:3)
  A hobgoblin (D:3)
  A ball python (D:4)
4 creatures vanquished.

Notes
Turn   | Place    | Note
--------------------------------------------------------------
     0 | D:1      | 4thArraOfDagon the Ghoul Monk began the quest for the Orb.
     0 | D:1      | Reached XP level 1. HP: 19/19 MP: 0/0
   243 | D:5      | Entered Level 5 of the Dungeon
   246 | D:5      | Got a smoking ring mail
   257 | D:5      | Identified the +6 ring mail of the Hall of Blades {Str+4 Int+4} (You found it on level 5 of the Dungeon)
   258 | D:5      | Noticed Eustachio
   274 | D:5      | Noticed a scorpion
   275 | D:5      | Noticed an ogre
   283 | D:5      | Noticed a hound
   291 | D:5      | Noticed bli's ghost (amateur MfWn)
   307 | D:4      | Killed a hound
   307 | D:4      | Reached skill level 5 in Unarmed Combat
   307 | D:4      | Reached XP level 2. HP: 14/27 MP: 1/1
   307 | D:4      | Reached XP level 3. HP: 17/33 MP: 2/2
   323 | D:4      | Noticed a centaur
   328 | D:4      | Noticed Pikel
   328 | D:4      | Noticed a slave
   330 | D:4      | Noticed a slave
   340 | D:4      | Noticed a slave
   350 | D:4      | Quit the game

Vault maps used:
D:1:      dpeg_arrival_central, serial_bayou_lagoon_b
D:2:      xom_teletrap_fun, uniq_robin, uniq_sigmund
D:3:      lemuel_doored_altar, tso_metal_star, kennysheep_generic_room_11
D:4:      grunt_temple_overflow_forces_of_nature, serial_shops, shop_coins,
          saegor_snake_ambush, uniq_pikel
D:5:      slow_altar_1, gup_sewer_entry_bowl, first_bread, uniq_eustachio

Action                   || total
-------------------------++-------
Melee: Unarmed           ||    28
  Use: Scroll            ||     3
       Potion            ||     1
  Eat: Chunk             ||     1
